 Dungeon Crawl Stone Soup version 0.26.0-18-gc5c842f807 (webtiles) character file.

Game seed: 10861525049622417715

1117 Phong the Stinger (level 8, 0/48 HPs)
             Began as an Octopode Venom Mage on Jan 22, 2021.
             Was an Initiate of Ru.
             Killed from afar by an orc wizard (2 damage)
             ... with a puff of flame
             ... on level 5 of the Dungeon.
             The game lasted 00:20:17 (5041 turns).

Phong the Stinger (Octopode Venom Mage)             Turns: 5041, Time: 00:20:17

Health: 0/48       AC:  1    Str:  7    XL:     8   Next: 34%
Magic:  11/16      EV: 13    Int: 20    God:    Ru [......]
Gold:   337        SH:  0    Dex: 12    Spells: 4/17 levels left

rFire    + . .     SeeInvis .   y - +0 morningstar
rCold    . . .     Faith    .   (no shield)
rNeg     . . .     Spirit   .   (helmet restricted)
rPois    +         Reflect  .   (no amulet)
rElec    .         Harm     .   t - ring of protection from fire
rCorr    .         Rampage  .   x - ring of poison resistance
Will     .....                  (no ring)
Stlth    +++.......             (no ring)
HPRegen  0.16/turn              (no ring)
MPRegen  0.15/turn              (no ring)
                                (no ring)
                                (no ring)

@: no status effects
A: almost no armour, stealthy swim, amphibious, 8 rings, constrict 8, camouflage
1, gelatinous body 1
a: Renounce Religion, Sacrifice Words, Sacrifice Stealth, Sacrifice Drink,
Reject Sacrifices


You were on level 5 of the Dungeon.
You worshipped Ru.
Ru was noncommittal.
You visited 1 branch of the dungeon, and saw 5 of its levels.

You collected 337 gold pieces.

Inventory:

Hand Weapons
 a - a +0 dagger
 f - a +0 battleaxe
 l - a +0 hunting sling
 n - a +0 short sword
 p - a +0 flail
 w - the +8 whip "Woxkaog" {freeze, Int+3, unknown}
   (You found it on level 5 of the Dungeon)

   It has been specially enchanted to freeze those struck by it, causing extra
   injury to most foes and up to half again as much damage against particularly
   susceptible opponents.
   It can also slow down cold-blooded creatures.
   It affects your intelligence (+3).
 y - a +0 morningstar (weapon)
Missiles
 b - 122 stones
 h - 24 poisoned darts
Jewellery
 t - a ring of protection from fire (left tentacle)
 x - a ring of poison resistance (right tentacle)
Wands
 k - a wand of paralysis (7)
Scrolls
 d - a scroll of amnesia
 e - a scroll of enchant armour {unknown}
 s - a scroll of remove curse {unknown}
 v - 2 scrolls of magic mapping {unknown}
Potions
 c - a potion of brilliance {unknown}
 g - 2 potions of lignification
 j - a potion of heal wounds {unknown}
 m - a potion of magic {unknown}
 o - a potion of might {unknown}
 q - a potion of haste {unknown}
 r - a potion of invisibility
 u - 2 potions of curing {unknown}
 z - a potion of attraction {unknown}


   Skills:
 + Level 1.1 Fighting
 + Level 2.3 Dodging
 - Level 3.0 Stealth
 + Level 5.3 Spellcasting
 - Level 3.0 Conjurations
 - Level 3.0 Transmutations
 + Level 2.3 Fire Magic
 - Level 2.0 Air Magic
 + Level 7.0 Poison Magic


You had 4 spell levels left.
You knew the following spells:

 Your Spells              Type           Power        Failure   Level
a - Sting                 Tmut/Pois      100%         1%          1
b - Poisonous Vapours     Pois/Air       46%          2%          2
c - Mephitic Cloud        Conj/Pois/Air  21%          6%          3
d - Ignite Poison         Fire/Tmut/Pois 21%          6%          3
e - Olgreb's Toxic Radia  Pois           33%          6%          4

Your spell library contained the following spells:

 Spells                   Type           Power        Failure   Level
 Magic Dart               Conj           68%          3%          1
 Conjure Flame            Conj/Fire      15%          12%         3
 Blink                    Tloc           N/A          17%         2
 Call Imp                 Summ           5%           17%         2
 Slow                     Hex            5%           17%         2


Dungeon Overview and Level Annotations

Branches:
Dungeon (5/15)
 Temple: D:4-7

Altars:
Elyvilon
Nemelex Xobeh
Ru
Sif Muna
Wu Jian


Innate Abilities, Weirdness & Mutations

You cannot wear most types of armour.
You are very stealthy in the water. (Stealth+)
You are amphibious.
You can wear up to eight rings at the same time.
You can use your tentacles to constrict eight enemies at once.
Your skin changes colour to match your surroundings (Stealth+).
Your rubbery body absorbs attacks. (AC +1, EV +1)


Message History

Unknown command.
Unknown command.
Unknown command.
Unknown command.
Unknown command.
Unknown command.
Unknown command.
Unknown command.
Unknown command.
Unknown command.
Unknown command.
Unknown command.
Unknown command.
Unknown command.
Blink to where?
Press: ? - help, Dir - move target, p - orc wizard
As you read the scroll of blinking, it crumbles to dust.
The orc wizard points at you and mumbles some strange words.
The puff of flame hits you. You resist.
You die...

..##......#.........##..>.....#
....#.##.............#o.......?
....#..##.###........ยง5........
........#.###..................
#....................###......!
.....................# .....#.
...................... ....##
.................#####. ....#
................@# .##...#
........#........# . ...
.......##......(..
......)....###...#. .......#...#
...##.. ....##.#...#.... ..
....# ## ....... ... #...#
##.....###... ... ##..# #...#..
..#.


You could see an orc wizard (fast, very poisoned).

Vanquished Creatures
  Grinder (D:3)
  Sigmund (D:4)
  3 ogres
  Blork the orc (D:4)
  A howler monkey (D:4)
  5 hounds (D:4)
  Natasha (D:3)
  2 worker ants (D:4)
  A gnoll (D:4)
  4 adders
  2 river rats (D:4)
  2 white imps (D:5)
  An ufetubus (D:5)
  5 worms
  5 dart slugs
  6 leopard geckos
  10 orcs
  7 bats
  2 giant cockroaches
  8 goblins
  12 hobgoblins
  9 kobolds
  7 quokkas
  4 ball pythons
  5 frilled lizards
  8 rats
113 creatures vanquished.

Notes
Turn   | Place    | Note
-------+----------+-------------------------------------------
     0 | D:1      | Phong the Octopode Venom Mage began the quest for the Orb.
     0 | D:1      | Reached XP level 1. HP: 11/11 MP: 3/3
   250 | D:1      | Reached XP level 2. HP: 17/17 MP: 1/5
   253 | D:1      | Learned a level 2 spell: Poisonous Vapours
   570 | D:1      | Reached skill level 4 in Poison Magic
   687 | D:1      | Reached XP level 3. HP: 21/21 MP: 4/6
   706 | D:1      | Learned a level 3 spell: Mephitic Cloud
  1130 | D:2      | Reached skill level 1 in Air Magic
  1480 | D:2      | Reached XP level 4. HP: 27/27 MP: 5/7
  1744 | D:2      | Found an ornate altar of the Wu Jian Council.
  1954 | D:2      | Found a sacrificial altar of Ru.
  1963 | D:2      | Became a worshipper of Ru the Awakened
  2031 | D:3      | Found a shimmering blue altar of Sif Muna.
  2092 | D:3      | Reached skill level 1 in Conjurations
  2296 | D:3      | Noticed Grinder
  2484 | D:3      | Paralysed by Grinder for 4 turns
  2489 | D:3      | Paralysed by Grinder for 3 turns
  2500 | D:3      | Killed Grinder
  2501 | D:3      | Reached skill level 5 in Poison Magic
  2501 | D:3      | Reached XP level 5. HP: 13/31 MP: 8/10
  2501 | D:3      | Reached XP level 6. HP: 15/36 MP: 8/11
  2505 | D:3      | Learned a level 3 spell: Ignite Poison
  2778 | D:3      | Found a white marble altar of Elyvilon.
  2954 | D:3      | Noticed Natasha
  2967 | D:3      | Killed Natasha
  2973 | D:3      | Learned a level 4 spell: Olgreb's Toxic Radiance
  3231 | D:4      | Noticed Blork the orc
  3236 | D:4      | Killed Blork the orc
  3237 | D:4      | Reached skill level 1 in Fire Magic
  3237 | D:4      | Reached XP level 7. HP: 41/41 MP: 5/13
  3310 | D:4      | Noticed Sigmund
  3320 | D:4      | Killed Sigmund
  3550 | D:4      | Reached skill level 6 in Poison Magic
  3726 | D:4      | Found a sparkling altar of Nemelex Xobeh.
  4073 | D:4      | Reached XP level 8. HP: 37/46 MP: 6/15
  4113 | D:4      | Reached skill level 5 in Spellcasting
  4613 | D:5      | Entered Level 5 of the Dungeon
  4768 | D:5      | Got a jewelled whip
  4921 | D:5      | Reached skill level 1 in Fighting
  4981 | D:5      | Reached skill level 7 in Poison Magic
  5040 | D:5      | HP: 2/48 [orc wizard/magic dart (8)]
  5041 | D:5      | Killed from afar by an orc wizard

Illustrated notes

Levels and vault maps discovered:
D:1:      amcnicky_arrival_blooded_trapdoor, layout_basic,
          minmay_indecisive_spiral
D:2:      layout_loops_ring, nicolae_overflow_crystal_walls,
          nzn_wu_jian_contemplation
D:3:      layout_loops_ring, old_standard_altar, elyvilon_altar_4, uniq_natasha,
          uniq_grinder
D:4:      layout_cave_pools, nemelex_xobeh_ov_fountains_minmay,
          gup_sewer_entry_bowl, cheibrodos_gnoll_hut, uniq_sigmund,
          uniq_blork_the_orc
D:5:      layout_cave_pools, lemuel_doored_altar, kennysheep_little_box

Skill      XL: |  1  2  3  4  5  6  7  8 |
---------------+-------------------------+-----
Stealth        | 3 |  3.0
Poison Magic   | 4 5 6 7 |  7.0
Air Magic      | 1 2 |  2.0
Transmutations | 2 3 |  3.0
Conjurations   | 2 3 |  3.0
Spellcasting   | 3 4 5 |  5.3
Fire Magic     | 1 2 |  2.3
Fighting       | 1 |  1.1
Dodging        | |  2.3

Action                   |  1- 3 |  4- 6 |  7- 9 || total
-------------------------+-------+-------+-------++-------
Melee: Dagger            |    26 |    19 |       ||    45
       Constrict         |     5 |    10 |    14 ||    29
       Tentacles         |     5 |     6 |     8 ||    19
       Short sword       |       |    25 |    37 ||    62
       Flail             |       |       |     7 ||     7
       Morningstar       |       |       |     6 ||     6
 Cast: Sting             |    35 |     7 |    23 ||    65
       Poisonous Vapours |     6 |    20 |    45 ||    71
       Mephitic Cloud    |       |     1 |     2 ||     3
       Ignite Poison     |       |     1 |       ||     1
Evoke: Wand              |       |     4 |       ||     4
  Use: Scroll            |       |     4 |     2 ||     6
 Stab: Sleeping          |     4 |     5 |     1 ||    10
       Paralysed         |       |     7 |       ||     7
Armor: Skin              |     2 |     4 |     3 ||     9
Dodge: Dodged            |    15 |    26 |    36 ||    77
